AoeStats
← Hamza Khan

Lombardia

508526274Analyzed
4v4 RM · 11d ago on Sep 22, 2026· 89m 30s· 8 players
Game mode
Random Map
Map size
Large (8 player)
Population
200
Speed
Normal
Resources
Standard
Victory
Conquest
Starting age
Dark Age
Ending age
Imperial Age
RankedLock teamsTeams togetherTeam positionsShared explorationLock speedFull tech treeHidden civsTurbo modeCheats
Victory
Defeat
🇦🇷 Hindustanis · Argentina
1052
+9
🇺🇸 Poles · United States
1050
+9
🇦🇷 Persians · Argentina
950
+16
🇨🇱 Celts · Chile
826
+18
🇹🇷 Random · Türkiye
916
-13
🇺🇸 Vikings · United States
915
-13
🇸🇪 Burgundians · Sweden
896
-13
🇹🇷 Lithuanians · Türkiye
834
-10
John Wayne
0:34 Loom
13:46 Feudal Age
14:10 Horse Collar
14:24 Gold Mining
14:27 Double-Bit Axe
16:31 Man-at-Arms
21:00 Castle Age
19:13 Stone Mining
23:03 Gold Shaft Mining
23:34 Heavy Plow
30:34 Squires
32:13 Chieftains
33:12 Forging
33:02 Scale Mail Armor
36:46 Imperial Age
34:46 Bow Saw
35:02 Treadmill Crane
36:15 Iron Casting
36:13 Chain Mail Armor
38:00 Conscription
37:03 Elite Varangian Guard
37:29 Arson
40:41 Blast Furnace
40:12 Plate Mail Armor
39:20 Crossbowman
41:11 Crop Rotation
41:21 Ballistics
42:03 Chemistry
42:11 Two-Man Saw
42:01 Elite Berserk
43:25 Fletching
43:35 Padded Archer Armor
43:05 Arbalester
47:44 Bodkin Arrow
48:05 Leather Archer Armor
48:36 Bracer
61:39 Pikeman
70:41 Ring Archer Armor
69:34 Elite Skirmisher
Goodbye old friend =)
9:38 Loom
11:24 Feudal Age
17:12 Castle Age
15:43 Double-Bit Axe
15:40 Horse Collar
21:32 Wheelbarrow
22:34 Bow Saw
25:17 Heavy Plow
25:37 Town Watch
30:38 Hand Cart
32:51 Murder Holes
33:18 Ballistics
32:53 Stone Mining
32:53 Gold Mining
33:40 Caravan
38:03 Imperial Age
36:21 Town Patrol
36:11 Pikeman
36:57 Squires
36:43 Arson
36:45 Gambesons
38:00 Forging
37:51 Scale Mail Armor
37:42 Fletching
38:32 Halberdier
38:33 Elite Varangian Guard
41:11 Crop Rotation
41:17 Chain Mail Armor
41:38 Iron Casting
41:00 Bodkin Arrow
44:13 Plate Mail Armor
45:57 Arrowslits
46:03 Guard Tower
46:33 Shield Wall
47:37 Conscription
47:53 Hoardings
53:13 Fortified Wall
52:45 Treadmill Crane
53:26 Sappers
56:39 Bracer
63:48 Guilds
64:09 Coinage
67:25 Two-Man Saw
75:53 Elite Skirmisher
gurkankaya
9:35 Feudal Age
10:42 Double-Bit Axe
21:02 Castle Age
19:57 Horse Collar
25:19 Gold Mining
26:08 Bow Saw
27:08 Stone Mining
28:29 Heavy Plow
29:43 Stone Shaft Mining
30:15 Husbandry
30:25 Bloodlines
34:30 Pikeman
35:10 Squires
34:56 Arson
35:39 Forging
35:29 Scale Mail Armor
35:34 Scale Barding Armor
36:55 Wheelbarrow
36:05 Town Watch
38:51 Imperial Age
36:59 Wheelbarrow
36:10 Town Watch
36:12 Loom
37:15 Hill Forts
37:51 Light Cavalry
40:38 Crop Rotation
41:11 Two-Man Saw
40:34 Chain Barding Armor
40:29 Chain Mail Armor
40:49 Iron Casting
39:41 Cavalier
39:45 Halberdier
40:55 Conscription
40:56 Caravan
41:27 Coinage
41:08 Guilds
41:38 Winged Hussar
41:40 Paladin
44:51 Hand Cart
44:36 Town Patrol
48:58 Plate Barding Armor
63:47 Banking
66:58 Tower Shields
67:34 Hoardings
Hamza Khan
0:30 Loom
9:40 Double-Bit Axe
11:52 Feudal Age
12:12 Wheelbarrow
13:19 Bow Saw
13:09 Horse Collar
19:27 Castle Age
17:29 Stone Mining
18:19 Heavy Plow
19:43 Stone Shaft Mining
19:26 Gold Mining
25:08 Hand Cart
26:46 Two-Man Saw
25:30 Pikeman
28:01 Crop Rotation
36:00 Imperial Age
34:09 Squires
33:54 Arson
34:57 Gold Shaft Mining
34:11 Town Watch
37:06 Conscription
39:26 Chemistry
38:07 Treadmill Crane
38:36 Elite Skirmisher
40:11 Forging
40:01 Scale Mail Armor
40:02 Padded Archer Armor
39:52 Fletching
42:46 Leather Archer Armor
43:08 Iron Casting
42:48 Chain Mail Armor
42:38 Scale Barding Armor
44:16 Caravan
44:57 Halberdier
46:42 Blast Furnace
45:38 Bodkin Arrow
48:29 Plate Mail Armor
48:45 Burgundian Vineyards
49:32 Coinage
49:13 Guilds
49:40 Capped Ram
53:06 Arrowslits
53:11 Guard Tower
54:41 Elite Coustillier
57:17 Bracer
57:37 Chain Barding Armor
58:02 Town Patrol
62:22 Town Patrol
83:01 Keep
82:36 Fortified Wall
82:38 Masonry
82:24 Murder Holes
82:39 Clinker Construction
84:20 Plate Barding Armor
85:46 Bombard Tower
85:58 Architecture
85:35 Sappers
86:53 Hoardings
86:58 Banking
87:33 Flemish Revolution
travis
11:33 Feudal Age
11:57 Horse Collar
12:08 Double-Bit Axe
12:11 Man-at-Arms
16:05 Wheelbarrow
15:17 Loom
18:45 Castle Age
19:39 Forging
19:34 Scale Barding Armor
20:37 Bloodlines
20:41 Stone Mining
21:46 Bow Saw
21:37 Heavy Plow
22:24 Stone Shaft Mining
23:18 Iron Casting
23:03 Chain Barding Armor
23:49 Chain Barding Armor
23:34 Gold Mining
25:14 Hand Cart
31:50 Imperial Age
32:05 Husbandry
31:26 Light Cavalry
31:59 Cavalier
32:49 Szlachta Privileges
33:05 Conscription
33:25 Town Watch
33:56 Winged Hussar
35:51 Blast Furnace
37:35 Caravan
49:33 Lechitic Legacy
49:23 Elite Obuch
50:16 Scale Mail Armor
51:01 Hoardings
54:27 Chain Mail Armor
54:25 Squires
54:10 Arson
60:01 Plate Mail Armor
62:09 Onager
62:59 Siege Engineers
64:01 Chemistry
62:22 Capped Ram
63:20 Siege Ram
78:23 Town Patrol
xRorro96x
11:11 Feudal Age
12:34 Wheelbarrow
11:46 Double-Bit Axe
17:04 Castle Age
15:43 Horse Collar
16:20 Stone Mining
18:32 Bow Saw
18:49 Hand Cart
19:11 Heavy Plow
21:09 Stone Shaft Mining
24:06 Husbandry
31:05 Imperial Age
31:31 Cavalier
32:33 Conscription
32:23 Scale Barding Armor
32:30 Forging
34:13 Gold Mining
35:27 Chemistry
33:51 Elite Woad Raider
36:23 Paladin
37:11 Scale Mail Armor
37:57 Iron Casting
38:12 Chain Barding Armor
38:09 Chain Mail Armor
39:16 Caravan
46:23 Furor Celtica
45:38 Capped Ram
46:33 Siege Ram
48:13 Town Watch
52:43 Blast Furnace
52:14 Plate Mail Armor
56:35 Heavy Scorpion
58:09 Gambesons
58:10 Arson
62:31 Pikeman
63:35 Halberdier
xxxsoniicoxxx
8:55 Loom
12:29 Feudal Age
12:59 Town Watch
15:53 Man-at-Arms
16:19 Arson
19:16 Bloodlines
19:50 Scale Mail Armor
20:45 Horse Collar
23:23 Scale Barding Armor
29:31 Castle Age
31:36 Town Patrol
33:18 Light Cavalry
35:40 Crossbowman
36:14 Fletching
36:25 Padded Archer Armor
36:35 Forging
36:47 Chain Barding Armor
36:43 Chain Mail Armor
37:08 Wheelbarrow
37:32 Kamandaran
39:16 Thumb Ring
43:49 Leather Archer Armor
43:30 Bodkin Arrow
44:10 Iron Casting
44:01 Ballistics
43:37 Murder Holes
43:33 Heated Shot
45:32 Double-Bit Axe
50:03 Imperial Age
47:49 Hand Cart
52:08 Ring Archer Armor
52:39 Blast Furnace
56:03 Cavalier
56:44 Husbandry
57:19 Plate Mail Armor
57:24 Plate Barding Armor
57:03 Masonry
57:55 Chemistry
56:48 Guard Tower
57:14 Citadels
57:41 Hoardings
56:36 Sappers
57:27 Conscription
59:47 Savar
64:36 Parthian Tactics
63:32 Heavy Cavalry Archer
75:46 Elite War Elephant
Monotributista Furioso
2:00 Loom
7:54 Loom
9:43 Feudal Age
14:58 Forging
15:45 Scale Barding Armor
19:07 Castle Age
17:46 Bloodlines
17:20 Horse Collar
17:25 Double-Bit Axe
21:30 Husbandry
21:46 Light Cavalry
31:09 Sanctity
33:21 Wheelbarrow
36:59 Imperial Age
34:45 Fletching
35:24 Grand Trunk Road
35:44 Gold Mining
35:56 Heavy Plow
36:07 Bow Saw
36:50 Iron Casting
38:41 Two-Man Saw
38:47 Conscription
38:50 Hand Cart
38:23 Town Watch
39:10 Fortified Wall
38:32 Heavy Camel Rider
39:36 Chain Barding Armor
40:34 Murder Holes
41:31 Plate Barding Armor
41:05 Town Patrol
40:43 Imperial Camel Rider
42:42 Chemistry
45:35 Ballistics
46:08 Masonry
47:12 Caravan
47:43 Hussar
49:34 Blast Furnace
48:50 Bodkin Arrow
51:14 Bracer
52:09 Coinage
52:23 Squires
52:24 Scale Mail Armor
53:30 Chain Mail Armor
54:24 Hoardings
55:49 Banking
55:51 Padded Archer Armor
58:50 Guard Tower
62:12 Leather Archer Armor
63:42 Shatagni
65:51 Siege Engineers
67:01 Arson
67:47 Ring Archer Armor
71:02 Pikeman
83:58 Elite Ghulam
Connection lost

Rejoining the realm…

Still unreachable

The connection could not be restored.

Session expired

The server has moved on; the page needs a fresh start.